Cogmind - Beta 17.1 @@@ ROGUE MODE // 2026.09.10 @ 17:08:11 Player: Caluan Result: Destroyed by G-47 Trooper with Particle Gun Performance ------------- Evolutions (0) 0 Regions Visited (4) 800 Robots Destroyed (32) 160 Value Destroyed (521) 521 Prototype IDs (2) 40 Alien Tech Used (0) 0 Bonus (0) 0 TOTAL SCORE: 1521 Bonus ------- None Cogmind --------- Core Integrity 0/250 Matter 296/300 Energy 100/100 System Corruption 0% Temperature Cool (9) Movement Treading (240) Ox1 Location -9/Mines Parts ------- > --- POWER (1) -------- (None) > --- PROPULSION (2) --- Light Treads > --- UTILITY (2) ------ Large Storage Unit Targeting Computer > --- WEAPON (2) ------- Light Assault Rifle Light Assault Rifle > --- INVENTORY (15) --- Light Nuclear Core Light Treads Light Treads Light Treads Light Treads Compact Wheel Improved Heat Sink Transport Network Coupler Light Armor Plating Light Armor Plating Beam Cannon Light Assault Rifle Light Assault Rifle Peak State ------------ > --- POWER ------------ Light Ion Engine > --- PROPULSION ------- Flight Unit Flight Unit > --- UTILITY ---------- Large Storage Unit Targeting Computer > --- WEAPON ----------- Assault Rifle Light Assault Rifle > --- INVENTORY -------- Improved Heat Sink Light Armor Plating Light Armor Plating Small Laser Small Laser Beam Cannon Light Assault Rifle Light Assault Rifle Light Assault Rifle Light Assault Rifle [Rating: 8] Favorites ----------- Power Light Ion Engine Engine Light Ion Engine Propulsion Light Treads Treads Light Treads Wheel Wheel Flight Unit Flight Unit Utility Large Storage Unit Storage Large Storage Unit Processor Targeting Computer Weapon Light Assault Rifle Energy Gun Small Laser Ballistic Gun Light Assault Rifle Build | -11 -10 -10 -10 -9 ------- Run | Yrd Mat Min Exi Min Slots Evolved . | . . . . . Power . | . . . . . Propulsion . | . . . . . Utility . | . . . . . Weapon . | . . . . . Parts Attached 20 | 6 11 3 . . Power 3 | 1 1 1 . . Engine 3 | 1 1 1 . . Core . | . . . . . Reactor . | . . . . . Propulsion 8 | 2 6 . . . Treads 4 | 2 2 . . . Leg . | . . . . . Wheel 2 | . 2 . . . Hover . | . . . . . Flight 2 | . 2 . . . Utility 3 | 1 2 . . . Device . | . . . . . Storage 2 | 1 1 . . . Processor 1 | . 1 . . . Hackware . | . . . . . Protection . | . . . . . Artifact . | . . . . . Weapon 6 | 2 2 2 . . Energy Gun 2 | 2 . . . . Energy Cannon . | . . . . . Ballistic Gun 4 | . 2 2 . . Ballistic Cannon . | . . . . . Launcher . | . . . . . Special Weapon . | . . . . . Impact Weapon . | . . . . . Slashing Weapon . | . . . . . Piercing Weapon . | . . . . . Special Melee Weapon . | . . . . . Unidentified Prototypes . | . . . . . Parts Lost 8 | . 3 3 . 2 Power 3 | . 1 1 . 1 Propulsion 3 | . 2 . . 1 Utility . | . . . . . Weapon 2 | . . 2 . . Highest Loss Streak 2 | . 2 2 . 2 To Critical Strikes . | . . . . . Average Backups 9 | 1 8 13 13 13 Power . | . . . 1 1 Propulsion 1 | . . 5 5 5 Utility 2 | . 2 4 4 4 Weapon 4 | . 5 3 3 3 Tool/Special . | . . . . . Unused Backups 13 | . . . . 13 Power 1 | . . . . 1 Propulsion 5 | . . . . 5 Utility 4 | . . . . 4 Weapon 3 | . . . . 3 Tool/Special . | . . . . . Average Slot Usage (%) 91 | . 88 99 100 92 Engine 13 | . 13 13 14 14 Treads 19 | . 16 28 28 21 Wheel 1 | . 2 . . . Flight 5 | . 8 . . . Storage 14 | . 14 14 14 14 Processor 7 | . 4 14 14 14 Energy Gun 3 | . 4 . . . Ballistic Gun 24 | . 23 27 28 28 Peak Build Rating 8 | 6 8 8 8 8 Average Rating 7 | 3 6 7 8 6 On Entrance 6 | . 6 8 8 8 Avg Prop Armor Cover (%) 5 | . 5 . . . Naked Turns . | . . . . . Heaviest Build 28 | 12 28 25 25 . Greatest Support 40 | 40 40 40 40 . Greatest Overweight (x) 8 | . 8 . . . Average Overweight (x) . | . . . . . Largest Inventory Capacity 15 | 8 15 15 15 15 Average Capacity 14 | 7 14 15 15 15 Most Carried 15 | 2 15 15 13 13 Average Carried 9 | . 8 13 13 13 Final Capacity 15 | 8 15 15 15 15 Final Carried 15 | 1 15 13 13 13 Class Distribution -------------------- 100% | Mutant Dominant Class ---------------- Mutant | -10/Materials Mutant | -10/Mines Mutant | -10/Exiles Mutant | -9/Mines Resources | -11 -10 -10 -10 -9 ----------- Run | Yrd Mat Min Exi Min Matter Collected 695 | 241 376 78 . . Remotely . | . . . . . Salvage Created 848 | . 686 112 . 50 Parts 62 | 1 51 9 . 1 Haulers Intercepted 2 | . 2 . . . Recyclers Shooed . | . . . . . Parts Field Recycled . | . . . . . Retrieved Matter . | . . . . . Parts Self-Destructed . | . . . . . Prevented . | . . . . . Parts Restored . | . . . . . Kills | -11 -10 -10 -10 -9 ------- Run | Yrd Mat Min Exi Min Combat Hostiles Destroyed 21 | . 15 5 . 1 Guns 21 | . 15 5 . 1 Classes Destroyed 7 | 1 6 . . . Worker 4 | 1 3 . . . Tunneler 1 | . 1 . . . Hauler 2 | . 2 . . . Recycler 1 | . 1 . . . Watcher 3 | . 3 . . . Swarmer 12 | . 9 3 . . Grunt 9 | . 6 2 . 1 Best Kill Streak 4 | 1 4 2 . 1 Combat Bots Only 4 | . 4 2 . 1 Max Kills in Single Turn 2 | 1 2 1 . 1 Gunslinging 1 | . 1 . . . Exploded . | . . . . . Melee . | . . . . . Uniques/NPCs Destroyed . | . . . . . Combat | -11 -10 -10 -10 -9 -------- Run | Yrd Mat Min Exi Min Hostile Shots Fired 165 | . 94 55 . 16 Missed 35 | . 23 9 . 3 Hits 130 | . 71 46 . 13 Projectile 130 | . 71 46 . 13 Damage Taken 1249 | . 653 431 . 165 Core 257 | . 112 93 . 52 Absorbed by Shields . | . . . . . Regen/Repaired (Parts) 12 | . 12 . . . Core Remaining (%) 100 | 100 . . . . Volleys Fired 110 | . 74 30 . 6 Largest 2 | . 2 2 . 2 Hottest 80 | . 80 40 . 40 Shots Fired 219 | . 147 60 . 12 Gun 219 | . 147 60 . 12 Cannon . | . . . . . Launcher . | . . . . . Special . | . . . . . Kinetic 198 | . 126 60 . 12 Thermal 21 | . 21 . . . Explosive . | . . . . . Electromagnetic . | . . . . . Robot Hit Streak 15 | . 9 10 . 15 Robot Miss Streak 4 | . 4 3 . 1 Penetration Max . | . . . . . Secondary Targets 3 | . 1 1 . 1 Max Gunslinging Chain 1 | . 1 1 . 1 Shots Hit Robots 131 | . 83 37 . 11 Core Hits 54 | . 39 11 . 4 Critical Kills . | . . . . . Critical Parts Destroyed 1 | . 1 . . . Critical Strikes 1 | . 1 . . . Destroy 1 | . 1 . . . Melee Attacks . | . . . . . Impact . | . . . . . Slashing . | . . . . . Piercing . | . . . . . Sneak Attacks . | . . . . . Combat Hostiles . | . . . . . Follow-up Attacks . | . . . . . Damage Inflicted 1413 | 7 978 336 . 92 Guns 1317 | . 911 314 . 92 Cannons . | . . . . . Explosions . | . . . . . Melee . | . . . . . Ramming 96 | 7 67 22 . . Kinetic 1176 | . 770 314 . 92 Thermal 141 | . 141 . . . Explosive . | . . . . . Electromagnetic . | . . . . . Impact . | . . . . . Slashing . | . . . . . Piercing . | . . . . . Highest Corruption . | . . . . . Average Corruption . | . . . . . Corruption Purged . | . . . . . Corruption Blocked . | . . . . . Overload Shots . | . . . . . Overflow Damage . | . . . . . Projectiles . | . . . . . Explosions . | . . . . . Melee . | . . . . . Knockbacks 1 | . 1 . . . Impact 1 | . 1 . . . Kinetic . | . . . . . Secondary . | . . . . . Self-Inflicted Damage . | . . . . . Shots . | . . . . . Rammed 13 | 2 8 3 . . Targets Rammed 15 | 3 9 3 . . Kicked . | . . . . . Crushed 2 | 1 1 . . . Highest Temperature 120 | . 120 18 . 28 Average Temperature 22 | . 25 10 . 17 Received Heat Transfer 378 | . 177 105 . 96 Siege Activations . | . . . . . Martial Activations . | . . . . . Shielding Activations . | . . . . . Robots Disrupted . | . . . . . Combat Hostiles . | . . . . . Robots Corrupted . | . . . . . Combat Hostiles . | . . . . . Parts Fried . | . . . . . Impact Corruptions . | . . . . . Robots Melted . | . . . . . Combat Hostiles . | . . . . . Parts Melted . | . . . . . Heat Transferred 325 | . 325 . . . Parts Sabotaged . | . . . . . Parts Stolen . | . . . . . Parts Stripped . | . . . . . Power Chain Reactions . | . . . . . Alert | -11 -10 -10 -10 -9 ------- Run | Yrd Mat Min Exi Min Maximum Alert Level . | . . . . . Low Security (%) 100 | 100 100 100 . 100 Level 1 . | . . . . . Level 2 . | . . . . . Level 3 . | . . . . . Level 4 . | . . . . . Level 5 . | . . . . . High Security . | . . . . . Max Security . | . . . . . Peak Influence 149 | . 149 50 . 20 Initial 6 | . 3 6 . . Average 49 | . 55 13 . 4 Influence Increases 612 | 5 467 120 . 20 Destroy 0b10 Robot/C 420 | . 300 100 . 20 Destroy 0b10 Robot/NC 55 | 5 50 . . . Destroy Leader 90 | . 70 20 . . Successful Hack 32 | . 32 . . . Lose Combat Pursuer 15 | . 15 . . . Influence Decreases 592 | . 455 127 10 . Entered New Map 23 | . 2 11 10 . Time Decay 513 | . 423 90 . . Lost Part 56 | . 30 26 . . Squads Dispatched 2 | . 2 . . . Investigation 1 | . 1 . . . Extermination . | . . . . . Reinforcement 1 | . 1 . . . Assault . | . . . . . Garrison . | . . . . . Intercept . | . . . . . Searches Triggered . | . . . . . Construction Impeded . | . . . . . Haulers Reinforced . | . . . . . Active Scanning Responses . | . . . . . Cargo Convoy Interrupts . | . . . . . Stealth | -11 -10 -10 -10 -9 --------- Run | Yrd Mat Min Exi Min Distress Signals . | . . . . . Communications Jammed . | . . . . . Distress Signals . | . . . . . Times Spotted 36 | . 28 5 . 3 Peak Tracking Total 4 | . 4 3 . 2 Tactical Retreats 1 | . 1 . . . Traps | -11 -10 -10 -10 -9 ------- Run | Yrd Mat Min Exi Min Traps Triggered 3 | . 3 . . . Indirectly . | . . . . . Trap Hack Attempts . | . . . . . Triggered . | . . . . . Disarmed . | . . . . . Reprogrammed . | . . . . . Reused . | . . . . . Traps Extracted . | . . . . . Installed . | . . . . . Triggered . | . . . . . Machines | -11 -10 -10 -10 -9 ---------- Run | Yrd Mat Min Exi Min Machines Disabled . | . . . . . Max in Single Turn . | . . . . . Machines Repaired . | . . . . . Machines Dismantled . | . . . . . Machines Sabotaged . | . . . . . Overloaded Fab Kills . | . . . . . Hacking | -11 -10 -10 -10 -9 --------- Run | Yrd Mat Min Exi Min Machines Accessed 9 | . 8 . 1 . Terminals 6 | . 6 . . . Fabricators . | . . . . . Repair Stations 1 | . 1 . . . Recycling Units 1 | . 1 . . . Scanalyzers . | . . . . . Garrison Access . | . . . . . Total Hacks 41 | . 18 . 23 . Successful 35 | . 12 . 23 . Failed 6 | . 6 . . . Catastrophic . | . . . . . Database Lockouts . | . . . . . Manual 9 | . 9 . . . Terminals 14 | . 14 . . . Fabricators . | . . . . . Repair Stations 2 | . 2 . . . Recycling Units 2 | . 2 . . . Scanalyzers . | . . . . . Garrison Access . | . . . . . Terminal Hacks 27 | . 4 . 23 . Record 23 | . . . 23 . Prototype ID Bank 1 | . 1 . . . Terminal Index 1 | . 1 . . . Locate Traps 1 | . 1 . . . Hauler Manifests 1 | . 1 . . . Fabricator Hacks . | . . . . . Repair Station Hacks 2 | . 2 . . . Scan Component 1 | . 1 . . . Repair 1 | . 1 . . . Recycling Unit Hacks . | . . . . . Scanalyzer . | . . . . . Garrison Access Hacks . | . . . . . Unauthorized Hacks 6 | . 6 . . . Terminals 5 | . 5 . . . Botnet 4 | . 4 . . . Operators 1 | . 1 . . . Fabricators . | . . . . . Repair Stations . | . . . . . Recycling Units 1 | . 1 . . . Mask 1 | . 1 . . . Scanalyzers . | . . . . . Garrison Access . | . . . . . Data Cores Recovered . | . . . . . Used . | . . . . . Hacking Detections 5 | . 5 . . . Full Trace Events 2 | . 2 . . . Feedback Events . | . . . . . Feedback Blocked . | . . . . . Robot Schematics Acquired . | . . . . . Robots Built . | . . . . . Authchips . | . . . . . Time . | . . . . . Total Robot Build Rating . | . . . . . Part Schematics Acquired . | . . . . . Parts Built . | . . . . . Authchips . | . . . . . Time . | . . . . . Total Part Build Rating . | . . . . . Part Studies Acquired . | . . . . . Parts Repaired 1 | . 1 . . . Time 26 | . 26 . . . Parts Recycled . | . . . . . Recycled Matter . | . . . . . Retrieved Matter . | . . . . . Retrieved Components . | . . . . . Parts Scanalyzed . | . . . . . Part Schematics Acquired . | . . . . . Parts Damaged . | . . . . . Bothacking | -11 -10 -10 -10 -9 ------------ Run | Yrd Mat Min Exi Min Used RIF Installer . | . . . . . Robots Hacked . | . . . . . Non-combat . | . . . . . Combat . | . . . . . Robot Hacks Applied . | . . . . . Relay Couplers Released . | . . . . . Fabnet Peak Effective % . | . . . . . Robots Rewired . | . . . . . Allies Hacked . | . . . . . Hacks Repelled . | . . . . . Allies | -11 -10 -10 -10 -9 -------- Run | Yrd Mat Min Exi Min Total Allies . | . . . . . Largest Group . | . . . . . Highest-Rated Group . | . . . . . Highest-Rated Ally . | . . . . . Total Orders . | . . . . . Ally Attacks . | . . . . . Total Damage . | . . . . . Kills . | . . . . . Allies Corrupted . | . . . . . Allies Melted . | . . . . . Intel | -11 -10 -10 -10 -9 ------- Run | Yrd Mat Min Exi Min Active Infowar (turns) . | . . . . . Robot Analysis Total . | . . . . . Derelict Logs Recovered 1 | . . 1 . . Drone Launches . | . . . . . Drone Recoveries . | . . . . . Exploration | -11 -10 -10 -10 -9 ------------- Run | Yrd Mat Min Exi Min Turns Passed 3547 | 101 2425 287 720 14 Spaces Moved 1824 | 60 1192 121 451 . Core 12 | 11 1 . . . Treads 1339 | 49 718 121 451 . Legs . | . . . . . Wheels 232 | . 232 . . . Hover . | . . . . . Flight 241 | . 241 . . . Fastest Speed 50 | 50 95 160 160 . Average Speed 167 | 139 172 160 160 . Slowest Speed 520 | 160 520 160 160 . Overloaded Moves . | . . . . . Propulsion Burnouts . | . . . . . Robots Hopped . | . . . . . Potential Cave-ins . | . . . . . Cave-ins Triggered . | . . . . . Exploration Rate (%) 37 | 4 87 23 67 6 Regions Visited 4 Branch Regions 3 Pre-discovered Areas 1 | . . . 1 . Known Exits Taken . | . . . . . Unknown Exits Taken 4 | 1 1 1 1 . Scrap Searched . | . . . . . Spaces Dug . | . . . . . Terrain Destroyed . | . . . . . Melee . | . . . . . Projectile . | . . . . . AOE . | . . . . . Terrain Rammed . | . . . . . Walls Destroyed . | . . . . . Machines Disabled . | . . . . . Actions | -11 -10 -10 -10 -9 --------- Run | Yrd Mat Min Exi Min Total 2117 | 75 1421 165 450 6 Wait 111 | . 103 8 . . Move 1821 | 60 1191 120 450 . Hop . | . . . . . Pick Up 31 | 7 23 1 . . Fast Attach 5 | . 5 . . . Attach 15 | 6 6 3 . . Detach . | . . . . . Swap 3 | . 3 . . . Drop 7 | . 7 . . . Fire 110 | . 74 30 . 6 Melee . | . . . . . Ram . | . . . . . Kick . | . . . . . Crush 14 | 2 9 3 . . Escape Stasis . | . . . . . Rewire . | . . . . . Trap . | . . . . . Miscellaneous . | . . . . . Route ------- -11/Scrapyard -10/Materials (discovered 3 exits: [*Mat x2] / [*Min]) -10/Mines -10/Exiles -9/Mines History --------- Turn | Location | Event 7 | -11/Scrapyard | Discovered new exit (range 16) 102 | -11/Scrapyard | Entered Materials 288 | -10/Materials | Discovered new exit (range 15) 312 | -10/Materials | Build established: Mutant 515 | -10/Materials | Discovered new exit (range 11) 561 | -10/Materials | Repaired Lgt. Treads 756 | -10/Materials | Discovered new exit (range 15) 2527 | -10/Materials | Entered Mines 2545 | -10/Mines | Core integrity fell below 50% 2660 | -10/Mines | Learned location of 1 exit from Materials 2703 | -10/Mines | Deemed a non-threat by the Exiles lab entrance 2703 | -10/Mines | Discovered new exit (range 5) 2770 | -10/Mines | Core integrity fell below 20% 2814 | -10/Mines | Entered Exiles 2853 | -10/Exiles | Met 8R-AWN 2880 | -10/Exiles | Met EX-HEX 2947 | -10/Exiles | Met EX-DEC 3000 | -10/Exiles | Learned location of Zion (-6) 3065 | -10/Exiles | Visited The Gauntlet 3322 | -10/Exiles | Discovered new exit (range 14) 3534 | -10/Exiles | Entered Mines 3548 | -9/Mines | Destroyed by G-47 Trooper with Particle Gun Last Messages --------------- could bring my prototypes! --DEC >>Record "MSG003946-01" I think we should all make a trip up to the Graveyard and see what that place is like now. After all this time it could be filled with so many interesting things to dissect! --BIN >>Record "MSG002788-02" Well it is a pretty top-notch boomstick. --DEC >>Record "MSG002601-01" DEC needs seven Point Singularity Launchers and won't tell me why. Can someone fill me in on this? --HEX EXIT=FOUND LOCATION=UNKNOWN GOAL=ESCAPE G-34 Mercenary destroyed. Lgt. Treads destroyed. Lgt. Ion Engine destroyed. G-34 Mercenary destroyed. Switching to secondary target: G-47 Trooper. Map ----- +----------------------------------------------------+ | ?????????????????????????????????????????????????? | | ?????????????????????????????????????????????????? | | ?????????????????????????????????????????????????? | | ?????????????????????????????????????????????????? | | ?????????????????????????????????????????????????? | | ?????????????????????????????????????????????????? | | ?????????????????????????????????????????????????? | | ?????????????????????????????????????????????????? | | ?????????????????????????????????????????????????? | | ?????????????????????????????????????????????????? | | ?????????????????????????????????????????????????? | | ?????????????????????????????????????????????????? | | ?????????????????????????????????????????????????? | | ?????????????????????????????????????????????????? | | ?????????????????????????????????????????????????? | | ?????????????????????????????????????????????????? | | ?????????????????????????????????????????????????? | | ?????????????????????????????????????????????????? | | ?????????????????????????????????????????????????? | | ?????????????????????????????????????????????????? | | ?????????????????????????????????#???????????????? | | ??????????????????????????????? ###?????????????? | | ?????????????????????????????# ##????????????? | | ???????????????????????##### ##???????????? | | ??????????????????????## g #?????????? | | ??????????????????????# @%* #????????? | | ??????????????????????# == #????????? | | ????????????????????? % ### #????????? | | ??????????????????? ##?????????????????? | | ?????????????????# #### ##??????????????????? | | ????????????????# ????## ##???????????????????? | | ??????????????? ??????? ##????????????????????? | | ????????????? ???????? #?????????????????????? | | ????????????? ?????????$ ?????????????????????? | | ?????????????# ?????????? #?????????????????????? | | ??????????????#???????????##?????????????????????? | | ?????????????????????????????????????????????????? | | ?????????????????????????????????????????????????? | | ?????????????????????????????????????????????????? | | ?????????????????????????????????????????????????? | | ?????????????????????????????????????????????????? | | ?????????????????????????????????????????????????? | | ?????????????????????????????????????????????????? | | ?????????????????????????????????????????????????? | | ?????????????????????????????????????????????????? | | ?????????????????????????????????????????????????? | | ?????????????????????????????????????????????????? | | ?????????????????????????????????????????????????? | | ?????????????????????????????????????????????????? | | ?????????????????????????????????????????????????? | +----------------------------------------------------+ Best States ------------- Heat Dissipation 25 Energy Generation 10 Energy Capacity 250 Matter Stores 300 Matter Capacity 300 Sight Range 16 Terrain Scan Density 10 Evasion (%) 41 Targeting Accuracy 5 Recoil Reduction 2 Item Schematics ----------------- None Robot Schematics ------------------ None Fabricated ------------ Nothing Repaired ---------- Lgt. Treads | 91% | -10/Materials Studied --------- None Alien Tech Used ----------------- None Achievements -------------- None Challenges ------------ None Game ------ Seed AdvancedSuperchargedData Manual? 0 Play Time 00:13:16 Cumulative 233.3 hours Start 2026.09.10 @ 16:52:09 End 2026.09.10 @ 17:08:11 Sessions 1 Manual Loads 0 Difficulty Rogue Special Mode None Game No. 272 Rogue 272 Adventurer 0 Explorer 0 Win Type - Total 2 Types 2/0/0/0/0/0/0/0/0/0 Lore% 29 Gallery% 54 Achievement% 35 Wizard Run 0 Options --------- Layout 1 ASCII 0 Keyboard 0 Movement Numpad Keybinds 0 Fullscreen 2 Font 24/Smallcaps Map View 50x35 Zoom Use 0% Tactical HUD 0 Map Filters NONE Filters NONE Steam 1 RUN: 9e606e74-edcf-40aa-961a-d32b52490720